3056 views
Uploaded 2020-04-30 17:22:08
Game version 1.32.4 / 1.32.5
16:52 long 1on1 private game on (2)LastRefuge
Saved by Dziango
3056 views
Uploaded 2020-04-30 17:22:08
Game version 1.32.4 / 1.32.5
16:52 long 1on1 private game on (2)LastRefuge
24 units @ 4.5k
/ 0.8k
11 buildings @ 1.8k
/ 0.6k



| Rod of Necromancy | 3 | 450 |
| Orb of Corruption | 1 | 375 |
| Potion of Mana | 1 | 200 |
| Potion of Lesser Invulnerability | 2 | 300 |
| Staff of Teleportation | 1 | 150 |
| total: | 8 | 1475g |
| Acolyte | 3 | 225 | / | 0 |
| Ghoul | 2 | 240 | / | 0 |
| Crypt Fiend | 12 | 2580 | / | 480 |
| Obsidian Statue | 6 | 1200 | / | 210 |
| Abomination | 1 | 240 | / | 70 |
| total: | 24 | 4485g | / | 760w |
| Ziggurat | 6 | 900 | / | 300 |
| Altar of Darkness | 1 | 180 | / | 50 |
| Crypt | 1 | 200 | / | 50 |
| Tomb of Relics | 1 | 130 | / | 30 |
| Graveyard | 1 | 215 | / | 0 |
| Slaughterhouse | 1 | 140 | / | 135 |
| Halls of the Dead | 1 | 320 | / | 210 |
| Black Citadel | 1 | 325 | / | 230 |
| total: | 11 | 1765g | / | 565w |
| 0:01 | Acolyte |
| 0:03 | Ziggurat |
| 0:05 | Altar of Darkness |
| 0:10 | Acolyte |
| 0:32 | Crypt |
| 0:40 | Acolyte |
| 0:58 | Tomb of Relics |
| 1:16 | Graveyard |
| 1:33 | Ghoul |
| 1:40 | Ghoul |
| 2:06 | Rod of Necromancy |
| 2:10 | Death Coil |
| 2:36 | Halls of the Dead |
| 2:48 | Crypt Fiend |
| 3:06 | Ziggurat |
| 3:17 | Rod of Necromancy |
| 3:56 | Unholy Aura |
| 3:58 | Crypt Fiend |
| 4:25 | Crypt Fiend |
| 5:05 | Rod of Necromancy |
| 5:20 | Burrow |
| 5:37 | Slaughterhouse |
| 5:45 | Ziggurat |
| 5:56 | Frost Nova |
| 6:01 | Black Citadel |
| 6:42 | Obsidian Statue |
| 6:43 | Obsidian Statue |
| 6:46 | Death Coil |
| 6:53 | Ziggurat |
| 7:17 | Crypt Fiend |
| 8:52 | Crypt Fiend |
| 9:05 | Orb of Corruption |
| 9:35 | Crypt Fiend |
| 9:40 | Howl of Terror |
| 9:45 | Destroyer Form |
| 9:59 | Potion of Lesser Invulnerability |
| 10:34 | Dark Ritual |
| 10:45 | Crypt Fiend |
| 11:08 | Obsidian Statue |
| 11:30 | Staff of Teleportation |
| 11:34 | Crypt Fiend |
| 11:35 | Obsidian Statue |
| 12:24 | Obsidian Statue |
| 12:33 | Potion of Mana |
| 13:21 | Crypt Fiend |
| 14:00 | Crypt Fiend |
| 14:29 | Ziggurat |
| 14:49 | Creature Attack |
| 14:52 | Potion of Lesser Invulnerability |
| 15:14 | Ziggurat |
| 15:16 | Cleaving Attack |
| 15:21 | Unholy Aura |
| 15:24 | Obsidian Statue |
| 15:26 | Crypt Fiend |
| 15:43 | Frost Nova |
| 15:49 | Abomination |
| 16:41 | Crypt Fiend |
37 units @ 4.7k
/ 1k
13 buildings @ 2.3k
/ 1.1k


| Potion of Healing | 1 | 150 |
| Lesser Clarity Potion | 1 | 70 |
| Staff of Preservation | 1 | 150 |
| Dust of Appearance | 2 | 150 |
| Boots of Speed | 1 | 250 |
| Potion of Lesser Invulnerability | 2 | 300 |
| total: | 8 | 1070g |
| Wisp | 18 | 1080 | / | 0 |
| Archer | 4 | 520 | / | 40 |
| Dryad | 6 | 870 | / | 360 |
| Druid of the Claw | 7 | 1785 | / | 560 |
| Forest Troll Shadow Priest | 1 | 195 | / | 10 |
| Forest Troll Berserker | 1 | 245 | / | 30 |
| total: | 37 | 4695g | / | 1000w |
| Altar of Elders | 1 | 180 | / | 50 |
| Moon Well | 5 | 900 | / | 200 |
| Ancient of War | 1 | 150 | / | 60 |
| Hunter's Hall | 1 | 210 | / | 100 |
| Ancient of Wonders | 1 | 90 | / | 30 |
| Tree of Life | 1 | 340 | / | 185 |
| Ancient of Lore | 3 | 465 | / | 435 |
| Tree of Ages | 1 | 320 | / | 180 |
| Tree of Eternity | 1 | 330 | / | 200 |
| total: | 13 | 2335g | / | 1060w |
| 0:01 | Wisp |
| 0:05 | Altar of Elders |
| 0:08 | Wisp |
| 0:17 | Moon Well |
| 0:24 | Ancient of War |
| 0:30 | Wisp |
| 0:47 | Wisp |
| 0:47 | Wisp |
| 0:54 | Wisp |
| 1:12 | Wisp |
| 1:25 | Wisp |
| 1:26 | Archer |
| 1:36 | Moon Well |
| 1:42 | Wisp |
| 1:56 | Wisp |
| 2:02 | Wisp |
| 2:14 | Mana Burn |
| 2:27 | Wisp |
| 2:37 | Archer |
| 2:53 | Evasion |
| 2:55 | Tree of Ages |
| 3:00 | Moon Well |
| 3:08 | Archer |
| 3:19 | Archer |
| 3:40 | Hunter's Hall |
| 4:00 | Ancient of Wonders |
| 4:14 | Mana Burn |
| 4:38 | Moon Well |
| 4:52 | Boots of Speed |
| 5:52 | Ancient of Lore |
| 5:54 | Ancient of Lore |
| 5:55 | Tree of Eternity |
| 6:23 | Drunken Haze |
| 6:28 | Forest Troll Shadow Priest |
| 6:41 | Forest Troll Berserker |
| 6:57 | Potion of Healing |
| 7:07 | Dryad |
| 7:14 | Breath of Fire |
| 7:36 | Ancient of Lore |
| 8:24 | Druid of the Claw Adept Training |
| 8:25 | Druid of the Claw |
| 8:46 | Dust of Appearance |
| 8:47 | Potion of Lesser Invulnerability |
| 8:51 | Breath of Fire |
| 8:57 | Tree of Life |
| 9:00 | Druid of the Claw Master Training |
| 9:26 | Druid of the Claw |
| 9:51 | Druid of the Claw |
| 9:52 | Druid of the Claw |
| 10:53 | Druid of the Claw |
| 11:04 | Evasion |
| 11:09 | Druid of the Claw |
| 11:36 | Druid of the Claw |
| 12:02 | Dryad |
| 12:16 | Wisp |
| 12:17 | Wisp |
| 12:24 | Moon Well |
| 12:31 | Potion of Lesser Invulnerability |
| 12:36 | Dryad |
| 12:38 | Abolish Magic |
| 12:45 | Mark of the Claw |
| 13:46 | Dryad |
| 13:48 | Lesser Clarity Potion |
| 13:48 | Staff of Preservation |
| 13:49 | Dust of Appearance |
| 14:13 | Backpack |
| 14:34 | Dryad |
| 14:41 | Strength of the Wild |
| 14:42 | Wisp |
| 14:42 | Wisp |
| 15:44 | Dryad |
| 15:45 | Wisp |
| 15:45 | Wisp |
| 15:50 | Drunken Haze |
| 16:32 | Mana Burn |